 Dungeon Crawl Stone Soup version 0.25-a0-435-g4b9beb1 (webtiles) character file.

Game seed: 3062926939519743292, levelgen mode: deterministic

228 BoldlyKoingNowhere the Cutter (level 6, -3/38 HPs)
             Began as a Kobold Abyssal Knight on Jan 27, 2020.
             Was a Believer of Lugonu.
             Engulfed by a cloud of flame (14 damage)
             ... on level 3 of the Dungeon.
             The game lasted 00:05:33 (3041 turns).

BoldlyKoingNowhere the Cutter (KoAK)                Turns: 3041, Time: 00:05:33

Health: -3/38      AC:  3    Str: 11    XL:     6   Next: 23%
Magic:  8/8        EV: 15    Int: 14    God:    Lugonu [**....]
Gold:   135        SH:  0    Dex: 14    Spells: 5/5 levels left

rFire    . . .     SeeInvis .   a - +1 short sword
rCold    . . .     Gourm    .   (shield restricted)
rNeg     . . .     Faith    .   b - +0 leather armour
rPois    .         Spirit   .   (no helmet)
rElec    .         Reflect  .   (no cloak)
rCorr    .         Harm     .   (no gloves)
MR       .....                  (no boots)
Stlth    +.........             (no amulet)
HPRegen  0.12/turn              (no ring)
MPRegen  0.11/turn              (no ring)

@: no status effects
A: small, carnivore
a: Depart the Abyss, Bend Space, Renounce Religion


You were on level 3 of the Dungeon.
You worshipped Lugonu.
Lugonu was pleased with you.
You were completely stuffed.

You visited 1 branch of the dungeon, and saw 3 of its levels.
You visited the Abyss 1 time.

You collected 135 gold pieces.

Inventory:

Hand Weapons
 a - a +1 short sword (weapon)
 o - a +0 hunting sling
Missiles
 m - 8 poisoned darts (quivered)
 t - 11 stones
Armour
 b - a +0 leather armour (worn)
Jewellery
 l - a cursed amulet of inaccuracy {unknown}
Wands
 j - a wand of polymorph (3)
Scrolls
 e - a scroll of teleportation {unknown}
 f - a scroll of enchant armour {unknown}
 g - 2 scrolls of immolation
 h - a scroll of remove curse {unknown}
 n - 2 scrolls of identify {unknown}
 q - a scroll of fog {unknown}
Potions
 d - 2 potions of might
 i - 2 potions of lignification
 k - a potion of heal wounds {unknown}
 p - a potion of haste {unknown}
 r - a potion of invisibility {unknown}
 s - 2 potions of resistance {unknown}
Comestibles
 c - 7 rations


   Skills:
 + Level 4.1 Fighting
 * Level 5.1 Short Blades
 + Level 2.0 Armour
 + Level 3.5 Dodging
 + Level 3.1 Invocations


You had 5 spell levels left.
You didn't know any spells.
Your spell library was empty.

Dungeon Overview and Level Annotations

Branches:
Dungeon (3/15)

Altars:


Innate Abilities, Weirdness & Mutations

You are small and have problems with some larger weapons.
You are carnivorous and can eat meat at any time.


Message History

The ogre is engulfed in blazing flames.
Flame seeps out of the ogre.
The ogre misses you.
You barely miss the ogre.
The ogre is almost dead.
You hit the ogre.
The ogre explodes!
The fiery explosion engulfs you!!
Ouch! That really hurt!
* * * LOW HITPOINT WARNING * * *
Lugonu accepts your kill.
Your Fighting skill increases to level 4!
Your Short Blades skill increases to level 5!
Your Armour skill increases to level 2!
Your Invocations skill increases to level 3!
You have reached level 6!
Your experience leads to an increase in your attributes!
Increase (S)trength, (I)ntelligence, or (D)exterity?
You feel stronger.
You are engulfed in blazing flames.
You die...

.###.#....#.).......#.#..####.#.#
.# #.##...#.......#.#.#..# #.#.#
.# #.##...###..#### #.#..# #)#.#
.# #.##.<.# #.... #.#..####.#.#
.###.##...# .#### #.#.......#.#
..##.##...# .#######.##.######.#
..##.###.## ..#................#
.... #......##.######## ..#
#@.....##.# ..# .....§°########.#
..# .....§§ ... ..# ....... ...
..# ####### ..... ..# ..... ..#
#...... #... ...


There were no monsters in sight!

Vanquished Creatures
  An ogre (D:3)
  2 orc wizards (D:3)
  2 oozes
  2 worms (D:2)
  A dart slug (D:1)
  3 leopard geckos
  3 orcs (D:3)
  7 giant cockroaches
  5 goblins
  8 hobgoblins
  2 kobolds
  3 quokkas
  4 ball pythons
  8 bats
  2 frilled lizards
  12 rats
65 creatures vanquished.

Notes
Turn   | Place    | Note
-------+----------+-------------------------------------------
     0 | Abyss:1  | BoldlyKoingNowhere the Kobold Abyssal Knight began the
                  | quest for the Orb.
     0 | Abyss:1  | Reached XP level 1. HP: 14/14 MP: 2/2
    11 | D:1      | Escaped the Abyss
   239 | D:1      | Reached skill level 3 in Short Blades
   239 | D:1      | Reached XP level 2. HP: 11/19 MP: 3/3
   265 | D:1      | Reached skill level 1 in Armour
   858 | D:1      | Reached XP level 3. HP: 23/23 MP: 4/4
  1192 | D:1      | Reached ** piety under Lugonu
  1607 | D:2      | Reached XP level 4. HP: 28/28 MP: 5/5
  2011 | D:2      | Reached skill level 4 in Short Blades
  2512 | D:3      | Reached XP level 5. HP: 6/33 MP: 5/7
  3035 | D:3      | Noticed an ogre
  3041 | D:3      | Killed an ogre
  3041 | D:3      | Reached skill level 5 in Short Blades
  3041 | D:3      | Reached XP level 6. HP: 11/38 MP: 8/8
  3041 | D:3      | Engulfed by a cloud of flame

Levels and vault maps discovered:
D:1:      scummos_arrival_simple_fountains, layout_loops_corners
D:2:      layout_rooms, minmay_bisected
D:3:      layout_basic, grunt_dithmenos_smoke_and_mirrors

Skill      XL: |  1  2  3  4  5 |
---------------+----------------+-----
Short Blades   | 3 4 5 |  5.1
Armour         | 1 2 |  2.0
Dodging        | 3 |  3.5
Fighting       | 4 |  4.1
Invocations    | 3 |  3.1

Action                   |  1- 3 |  4- 6 || total
-------------------------+-------+-------++-------
Melee: Short sword       |   117 |   130 ||   247
Throw: Dart              |       |     1 ||     1
  Use: Potion            |       |     2 ||     2
       Scroll            |       |     1 ||     1
 Stab: Sleeping          |     1 |       ||     1
  Eat: Chunk             |    11 |     4 ||    15
Armor: Leather armour    |    28 |    17 ||    45
       Skin              |       |    10 ||    10
Dodge: Dodged            |    89 |    68 ||   157

Table legend:
 A = Non-vault XP
 B = Vault XP
 C = Vault XP percentage of total XP
 D = Non-vault monster count
 E = Vault monster count
 F = Vault count percentage of total count
                 A         B        C        D         E       F
            +---------+---------+-------+---------+---------+-------
      Total |     323 |       4 |   1.2 |      62 |       3 |   4.6
            +---------+---------+-------+---------+---------+-------
        D:1 |      55 |       0 |   0.0 |      29 |       0 |   0.0
        D:2 |      33 |       4 |  10.8 |      12 |       3 |  20.0
        D:3 |     235 |       0 |   0.0 |      21 |       0 |   0.0
            +---------+---------+-------+---------+---------+-------
